[Event "Titled Tuesday Blitz June 20 Early 2023"]
[White "Kim, Yoon-Young"]
[Black "Principe, Alexander"]
[WhiteFideId "30908779"]
[BlackFideId "3804542"]
[WhiteElo "2217"]
[BlackElo "2203"]
[Result "0-1"]
[Round "1"]
[TimeControl "180+2"]
[Date "2023.06.20"]
[WhiteClock "0:00:00"]
[BlackClock "0:01:16"]
[Board "91"]

1. d4 Nf6 2. c4 g6 3. Nc3 Bg7 4. Nf3 O-O 5. Bg5 d6 6. e3 b6 7. Be2 Bb7 8. O-O Nbd7 9. Qc2 Re8 10. Rfd1 Qc8 11. Rac1 e5 12. d5 Kh8 13. Nd2 Ng8 14. Bh4 f5 15. h3 Ngf6 16. b4 a5 17. a3 h6 18. Bg3 Qd8 19. f3 Qe7 20. Bf2 e4 21. f4 g5 22. Bg3 Rg8 23. Rf1 gxf4 24. Bxf4 Nh7 0-1


[Site "https://www.chess.com"]

[Event "Titled Tuesday Blitz June 20 Early 2023"]
[White "zsizsi99"]
[Black "Aradhya, Garg"]
[BlackFideId "25006746"]
[WhiteElo "2441"]
[BlackElo "2263"]
[Result "0-1"]
[Round "1"]
[TimeControl "180+2"]
[Date "2023.06.20"]
[WhiteClock "0:00:01"]
[BlackClock "0:01:16"]
[Board "92"]

1. e4 e5 2. Nf3 Nc6 3. d4 exd4 4. Nxd4 Bb4+ 5. c3 Bc5 6. Nb3 Bb6 7. N1d2 Nf6 8. Bd3 O-O 9. O-O d5 10. exd5 Bg4 11. Qc2 Qxd5 12. Ne4 Nxe4 13. Bxe4 Qh5 14. h3 Be6 15. Bf4 Rfe8 16. Kh2 a5 17. Bxc6 bxc6 18. c4 a4 19. Nd2 Qf5 20. Qxf5 Bxf5 21. Rfe1 Bd4 22. Rxe8+ Rxe8 23. Bxc7 Bxb2 24. Rd1 Bc2 25. Rf1 Re2 26. Nf3 f6 27. c5 Be4 28. Bd6 Bxf3 29. gxf3 Bd4 30. a3 Bxf2 31. Kh1 Kf7 32. Rb1 Re1+ 33. Rxe1 Bxe1 0-1


[Site "https://www.chess.com"]

[Event "Titled Tuesday Blitz June 20 Early 2023"]
[White "Hayrapetyan, Hovik"]
[Black "Ansh M Shah"]
[WhiteFideId "13302639"]
[BlackFideId "25033379"]
[WhiteElo "2348"]
[BlackElo "2084"]
[Result "1-0"]
[Round "1"]
[TimeControl "180+2"]
[Date "2023.06.20"]
[WhiteClock "0:00:12"]
[BlackClock "0:00:00"]
[Board "93"]

1. d4 c6 2. c4 d5 3. Nf3 Nf6 4. Nc3 e6 5. e3 Nbd7 6. Bd3 dxc4 7. Bxc4 b5 8. Bd3 Bd6 9. O-O O-O 10. Qc2 Bb7 11. e4 e5 12. dxe5 Nxe5 13. Nxe5 Bxe5 14. h3 Re8 15. Be3 Qd6 16. Rad1 Qe7 17. Ne2 Bc7 18. Bc5 Qe6 19. Nd4 Qe5 20. f4 Qh5 21. e5 Nd5 22. Nf5 Bb6 23. Bxb6 axb6 24. Qf2 Ba6 25. Kh2 b4 26. g4 Qg6 27. Ne7+ Rxe7 28. Bxg6 Bxf1 29. Bxh7+ Kxh7 30. Rxd5 cxd5 31. Qh4+ Kg8 32. Qxe7 Rxa2 33. Qxb4 b5 34. f5 Bc4 35. Kg3 d4 36. g5 d3 37. Qd6 Kh7 38. g6+ fxg6 39. Qxg6+ Kh8 40. Qh5+ Kg8 41. Qe8+ Kh7 42. Qd7 Kh8 43. f6 gxf6 44. exf6 1-0


[Site "https://www.chess.com"]

[Event "Titled Tuesday Blitz June 20 Early 2023"]
[White "Balla, Tamas-Kristof"]
[Black "Cherniaiev, Tykhon"]
[WhiteFideId "1208497"]
[BlackFideId "14182360"]
[WhiteElo "2334"]
[BlackElo "2450"]
[Result "0-1"]
[Round "1"]
[TimeControl "180+2"]
[Date "2023.06.20"]
[WhiteClock "0:00:57"]
[BlackClock "0:01:51"]
[Board "94"]

1. e4 e5 2. Nf3 Nc6 3. d4 exd4 4. Nxd4 Nf6 5. Nxc6 bxc6 6. e5 Nd5 7. c4 Nb6 8. Nc3 Qe7 9. Be2 g6 10. O-O Bg7 11. f4 O-O 12. b3 d6 13. exd6 cxd6 14. Bb2 Bxc3 15. Bxc3 Qe3+ 16. Kh1 Qxc3 17. Qxd6 Bf5 18. Qxc6 Rad8 19. Bf3 Rd2 20. c5 Rc8 21. Qb7 Qxc5 22. Qxa7 Rd7 23. Qa6 Bd3 24. b4 Qxb4 0-1


[Site "https://www.chess.com"]

[Event "Titled Tuesday Blitz June 20 Early 2023"]
[White "Mahdavi, Reza"]
[Black "Sai Han Thiha"]
[WhiteFideId "12595926"]
[BlackFideId "13012290"]
[WhiteElo "2395"]
[BlackElo "1953"]
[Result "1-0"]
[Round "1"]
[TimeControl "180+2"]
[Date "2023.06.20"]
[WhiteClock "0:02:05"]
[BlackClock "0:00:01"]
[Board "95"]

1. e4 c6 2. d4 d5 3. e5 c5 4. dxc5 e6 5. a3 Bxc5 6. b4 Be7 7. Bb2 Nd7 8. Nf3 a5 9. b5 f6 10. Bd3 fxe5 11. Nxe5 Nxe5 12. Bxe5 Nf6 13. O-O O-O 14. Qe2 Bd7 15. Nd2 a4 16. c4 Rc8 17. Rfe1 Qb6 18. Nf3 Bd6 19. h3 dxc4 20. Bxc4 Bxe5 21. Nxe5 Kh8 22. Rad1 Rc7 23. Nxd7 Nxd7 24. Bxe6 Nc5 25. Bd5 Qf6 26. Qd2 b6 27. Re3 Qh6 28. Rde1 Rcc8 29. Qd4 Qd6 30. Re7 Qg6 31. R1e3 Qb1+ 32. Kh2 Qg6 33. Rg3 Qd6 34. Qxg7# 1-0


[Site "https://www.chess.com"]

[Event "Titled Tuesday Blitz June 20 Early 2023"]
[White "Grossboss19"]
[Black "Nazari, Arad"]
[BlackFideId "12577324"]
[WhiteElo "2433"]
[BlackElo "2175"]
[Result "1-0"]
[Round "1"]
[TimeControl "180+2"]
[Date "2023.06.20"]
[WhiteClock "0:00:09"]
[BlackClock "0:00:05"]
[Board "96"]

1. e4 c5 2. Nc3 d6 3. g3 g6 4. Bg2 Bg7 5. Nge2 Nc6 6. O-O e6 7. d3 Nge7 8. Be3 O-O 9. Qd2 Rb8 10. a4 a6 11. Bh6 b5 12. axb5 axb5 13. Bxg7 Kxg7 14. d4 e5 15. dxc5 dxc5 16. Rfd1 Nd4 17. Nxd4 cxd4 18. Ne2 Bg4 19. h3 Bxe2 20. Qxe2 Qc7 21. Rdc1 Rfd8 22. c3 Qb6 23. cxd4 Rxd4 24. Ra3 Rbd8 25. Rc2 Nc6 26. Bf1 Nb4 27. Rc1 Rd2 28. Qe3 Qxe3 29. Rxe3 Rxb2 30. Bxb5 Rdd2 31. Rf3 Nc2 32. Rd3 Nd4 33. Rxd2 Rxd2 34. Bf1 h5 35. h4 Kf6 36. Kg2 g5 37. hxg5+ Kxg5 38. Rc7 f6 39. Rg7+ Kh6 40. Ra7 Nc2 41. Kg1 Ne1 42. Ra3 Nc2 43. Ra2 Kg5 44. Ra6 Rd1 45. Ra8 Ne1 46. Rg8+ Kh6 47. Kh2 Rd2 48. Kg1 Nf3+ 49. Kg2 Ng5 50. Rf8 Nxe4 51. Kg1 Kg7 52. Ra8 Nxf2 53. Bg2 Ng4 54. Bf3 Kg6 55. Rg8+ Kf5 56. Rh8 Kg5 57. Rg8+ Kf5 58. Rh8 Kg6 59. Rg8+ Kh7 60. Rf8 Kg7 61. Ra8 Rd3 62. Kg2 Rc3 63. Ra7+ Kg6 64. Ra8 Ne3+ 65. Kf2 Nf5 66. Be4 Rc4 67. Kf3 Rc3+ 68. Kf2 Rc4 69. Kf3 Rc7 70. Rg8+ Kf7 71. Rh8 Ng7 72. Ra8 Rc3+ 73. Kf2 Rc7 74. Kf3 Ne6 75. Bd5 Rd7 76. Ke4 Ke7 77. Ra5 Ng5+ 78. Kf5 Nf7 79. Kg6 Nd6 80. Kxh5 e4 81. Kg4 e3 82. Kf3 Nf5 83. Be4 Nd4+ 84. Kxe3 Nb3 85. Rb5 Nd2 86. Bd5 Nf1+ 87. Kf2 Nd2 88. Ke3 Nf1+ 89. Kf2 Nd2 90. g4 Kd6 91. Bg2 Ke7 92. Ke3 Nc4+ 93. Kf4 Ne5 94. Be4 Rd4 95. Rb7+ Nd7 96. Ke3 Rc4 97. Bf5 Rc3+ 98. Kd4 Rg3 99. Rxd7+ Ke8 100. Ke4 Rg1 101. Rg7 Re1+ 102. Kf4 Kf8 103. Rb7 Rf1+ 104. Kg3 Rg1+ 105. Kf2 Rc1 106. Ke3 Re1+ 107. Kd4 Ke8 108. Kd5 Kf8 109. Kd6 Re2 110. Rb8+ Kf7 111. Rb7+ Kf8 112. Be6 Re4 113. Rf7+ Kg8 114. Rxf6+ Kg7 115. Rf7+ Kh6 116. Rf1 Kg5 117. Bf5 Re3 118. Kd5 Re7 119. Ra1 Rb7 120. Kd6 Rb6+ 121. Kc5 Rb8 122. Ra5 Rd8 123. Rb5 Kh4 124. Kc6 Kg5 125. Rd5 Rb8 126. Kd6 Rb2 127. Ke6 Re2+ 128. Re5 Rb2 129. Kd5 Rb5+ 130. Ke4 Rb4+ 131. Kf3 Kh4 132. Re3 Rb2 133. Rd3 Rb4 134. Rd8 Rb2 135. Kf4 Rf2+ 136. Ke3 Rb2 137. Rh8+ Kg5 138. Rh5+ Kf6 139. Kf4 Rf2+ 140. Kg3 Rf1 141. Rh6+ Kf7 142. Kh4 Rc1 143. Kg5 Kg7 144. Rh7+ Kg8 145. Rb7 Rc6 146. Bg6 Rc5+ 147. Kh6 Rc8 148. g5 Kh8 149. Rh7+ Kg8 150. Rg7+ Kh8 151. Ra7 Rd8 152. Bf5 Rf8 153. g6 Re8 154. g7+ Kg8 155. Bh7# 1-0


[Site "https://www.chess.com"]

[Event "Titled Tuesday Blitz June 20 Early 2023"]
[White "Fernandez Guillen, Ernesto J."]
[Black "Matveeva, Olga"]
[WhiteFideId "3512428"]
[BlackFideId "24107018"]
[WhiteElo "2434"]
[BlackElo "2009"]
[Result "0-1"]
[Round "1"]
[TimeControl "180+2"]
[Date "2023.06.20"]
[WhiteClock "0:00:16"]
[BlackClock "0:00:15"]
[Board "97"]

1. e4 e6 2. Nf3 d5 3. Nc3 Nf6 4. e5 Nfd7 5. d4 c5 6. Ne2 Nc6 7. c3 Qb6 8. a3 Be7 9. b4 cxd4 10. cxd4 O-O 11. Nf4 a6 12. Bd3 f5 13. Nxe6 Ncxe5 14. Nxf8 Nxd3+ 15. Qxd3 Nxf8 16. O-O Bd7 17. Re1 Bf6 18. Bg5 Rc8 19. Bxf6 Qxf6 20. Ne5 Bb5 21. Qf3 Rd8 22. Rac1 Ne6 23. Rcd1 Ng5 24. Qb3 f4 25. a4 Be8 26. Ng4 Qf5 27. f3 h5 28. Re5 Qg6 29. Rxd5 Qf7 30. Rxd8 Qxb3 31. Nf2 Kf7 32. Re1 Bc6 33. d5 Bxd5 34. h4 Nxf3+ 35. gxf3 Qxf3 36. Kf1 Qg2+ 37. Ke2 Bc4+ 38. Kd1 Qxf2 39. Rd7+ Kf6 40. Rd6+ Kf5 41. Rd2 Bb3+ 0-1


[Site "https://www.chess.com"]

[Event "Titled Tuesday Blitz June 20 Early 2023"]
[White "Mrudul Dehankar"]
[Black "Seo, Jung Min"]
[WhiteFideId "25096990"]
[BlackFideId "1734687"]
[WhiteElo "2139"]
[BlackElo "2468"]
[Result "0-1"]
[Round "1"]
[TimeControl "180+2"]
[Date "2023.06.20"]
[WhiteClock "0:00:00"]
[BlackClock "0:00:30"]
[Board "98"]

1. e4 c5 2. Nf3 d6 3. d4 cxd4 4. Nxd4 Nf6 5. Nc3 a6 6. Bg5 Nbd7 7. Bc4 Qb6 8. Bb3 e6 9. Qd2 Be7 10. O-O-O Nc5 11. f3 Qc7 12. Kb1 Bd7 13. h4 b5 14. h5 h6 15. Be3 b4 16. Nce2 a5 17. c3 Nxb3 18. Nxb3 a4 19. Nbd4 bxc3 20. Nxc3 O-O 21. Ndb5 Bxb5 22. Nxb5 Qc6 23. Nxd6 Rfd8 24. Bf4 Ra6 25. e5 Nd5 26. Rc1 Qd7 27. Rhd1 a3 28. b3 f6 29. Bh2 fxe5 30. Ne4 Qe8 31. Bxe5 Qxh5 32. Bd4 Qf5 33. Qe2 Raa8 34. g4 Qg6 35. Ka1 Kh7 36. Nc3 Nb4 37. Qe4 Bg5 38. Qxg6+ Kxg6 0-1


[Site "https://www.chess.com"]

[Event "Titled Tuesday Blitz June 20 Early 2023"]
[White "Rahman, Masruri"]
[Black "Van Foreest, Machteld"]
[WhiteFideId "7101163"]
[BlackFideId "1051563"]
[WhiteElo "2256"]
[BlackElo "2018"]
[Result "0-1"]
[Round "1"]
[TimeControl "180+2"]
[Date "2023.06.20"]
[WhiteClock "0:00:00"]
[BlackClock "0:00:26"]
[Board "99"]

1. d4 d5 2. Bf4 Nf6 3. e3 Bf5 4. c4 e6 5. Nc3 Bd6 6. Bg3 Ne4 7. Nge2 dxc4 8. Nxe4 Bxe4 9. Nc3 Bc6 10. e4 b5 11. d5 b4 12. dxc6 bxc3 13. bxc3 Nxc6 14. Qa4 Qd7 15. Rd1 Ne5 16. Qa6 Qc6 17. Qxc6+ Nxc6 18. Bxc4 Bxg3 19. Bb5 Be5 20. Bxc6+ Ke7 21. Bxa8 Rxa8 22. O-O Bxc3 23. Rc1 Be5 24. Rc2 Rb8 25. f4 Bd4+ 26. Kh1 c5 27. g3 Rb2 28. Rxb2 Bxb2 29. Rb1 Bd4 30. Rb7+ Kd6 31. Rxa7 c4 32. Ra4 Kc5 33. Ra8 c3 34. Rc8+ Kb4 35. Rd8 c2 36. Rxd4+ Kc3 37. Rd8 c1=Q+ 38. Kg2 Qb2+ 39. Kh3 Qxa2 40. Rd7 Qb2 41. Rxf7 Kd3 42. e5 Ke4 43. Rxg7 Kf3 44. Kh4 Qxh2+ 45. Kg5 Qxg3+ 46. Kf6 Qxf4+ 47. Kxe6 Ke4 48. Rf7 Qxe5+ 49. Kd7 Qd5+ 50. Ke7 Qxf7+ 51. Kxf7 h5 52. Kg6 h4 0-1


[Site "https://www.chess.com"]

[Event "Titled Tuesday Blitz June 20 Early 2023"]
[White "Goncalves, Davi Sulzbacher"]
[Black "Yuan, Qingyu"]
[WhiteFideId "2154510"]
[BlackFideId "8609772"]
[WhiteElo "2182"]
[BlackElo "2359"]
[Result "0-1"]
[Round "1"]
[TimeControl "180+2"]
[Date "2023.06.20"]
[WhiteClock "0:00:00"]
[BlackClock "0:00:03"]
[Board "100"]

1. Nf3 d5 2. d4 c6 3. c4 Nf6 4. e3 Bf5 5. Nc3 e6 6. Be2 Nbd7 7. Nh4 Bg6 8. Qb3 Qb6 9. Nxg6 hxg6 10. Bd2 dxc4 11. Bxc4 Bd6 12. h3 g5 13. O-O-O O-O-O 14. e4 Bf4 15. Bxf4 gxf4 16. e5 Nd5 17. Ne4 Qxb3 18. Nd6+ Kb8 19. Bxb3 Rdf8 20. Rd3 f6 21. Re1 fxe5 22. dxe5 Rh5 23. Bxd5 cxd5 24. Rd2 Rxe5 25. Rxe5 Nxe5 26. Re2 Rd8 27. Nxb7 Rc8+ 28. Kd1 Nc4 29. b3 Kxb7 30. bxc4 Rxc4 31. Rxe6 Re4 32. Rg6 Re7 33. Rd6 Kc7 34. Rxd5 Rf7 35. Rd4 Kc6 36. Ke2 Kc5 37. Ra4 Kb5 38. Re4 g5 39. Re5+ Kb4 40. Rxg5 a5 41. Kf3 a4 42. Rg4 Ka3 43. Rg6 Kxa2 44. Rb6 a3 45. h4 Rc7 46. h5 Rc3+ 47. Kxf4 Rb3 48. Ra6 Kb2 49. g4 a2 50. g5 Ra3 51. Rb6+ Kc2 52. Rc6+ Kd2 53. Rd6+ Ke2 54. Re6+ Kxf2 55. h6 a1=Q 56. h7 Qd4+ 57. Kf5 Ra5+ 58. Kg6 Qh8 59. Rf6+ Kg3 60. Kh6 Kh4 61. Rf4+ Kg3 62. Rf7 Ra6+ 63. g6 Kg4 0-1


[Site "https://www.chess.com"]

[Event "Titled Tuesday Blitz June 20 Early 2023"]
[White "Rohith Krishna S"]
[Black "Gatterer, Florian"]
[WhiteFideId "46617051"]
[BlackFideId "811688"]
[WhiteElo "2270"]
[BlackElo "2221"]
[Result "1-0"]
[Round "1"]
[TimeControl "180+2"]
[Date "2023.06.20"]
[WhiteClock "0:01:38"]
[BlackClock "0:00:00"]
[Board "101"]

1. Nf3 d5 2. g3 c5 3. Bg2 Nc6 4. O-O Nf6 5. d3 e6 6. Nbd2 Be7 7. e4 O-O 8. Re1 b5 9. e5 Nd7 10. Nf1 b4 11. h4 Re8 12. N1h2 a5 13. Bf4 a4 14. a3 bxa3 15. bxa3 Ba6 16. Ng5 h6 17. Qh5 hxg5 18. hxg5 g6 19. Qh4 Nd4 20. Ng4 Nf5 21. Nh6+ Nxh6 22. Qxh6 Bf8 23. Qh4 c4 24. d4 Rb8 25. Bf3 Bg7 26. Kg2 Rb2 27. c3 Rc2 28. Re3 Qa5 29. Rh1 Rxc3 30. Qh7+ Kf8 31. Rh4 Rxe3 32. Bxe3 c3 33. Rf4 c2 34. Qxg6 Re7 35. Qxc2 Bc4 36. Qh7 Qe1 37. g6 Bf1+ 38. Kh2 Be2 39. gxf7 Rxf7 40. Rxf7+ Kxf7 41. Qh5+ Kf8 42. Bxe2 Ke7 43. Bb5 Kd8 44. Bxd7 1-0


[Site "https://www.chess.com"]

[Event "Titled Tuesday Blitz June 20 Early 2023"]
[White "KorolDimitriy75"]
[Black "Renjith, Sravan"]
[BlackFideId "4306783"]
[WhiteElo "2423"]
[BlackElo "2104"]
[Result "0-1"]
[Round "1"]
[TimeControl "180+2"]
[Date "2023.06.20"]
[WhiteClock "0:00:03"]
[BlackClock "0:00:13"]
[Board "102"]

1. d4 Nf6 2. c4 e6 3. Nc3 d5 4. Bg5 Nbd7 5. cxd5 exd5 6. e3 Be7 7. Bd3 c6 8. Qc2 O-O 9. Nge2 Re8 10. f3 Nf8 11. O-O h6 12. Bh4 Ne6 13. Rad1 Qd7 14. h3 Nc7 15. Bf2 Bf8 16. e4 dxe4 17. fxe4 Ne6 18. e5 Nd5 19. Nxd5 cxd5 20. Nc3 Nc7 21. Be3 b5 22. Rf3 b4 23. Ne2 Ba6 24. Rdf1 Bxd3 25. Qxd3 Re7 26. Ng3 Qb5 27. Qd2 Ne6 28. Nf5 Rc7 29. Rg3 Kh7 30. Qf2 Rac8 31. Nxh6 gxh6 32. Qf5+ Kh8 33. Qf6+ Bg7 34. Rxg7 Nxg7 35. Bxh6 Rg8 36. Qh4 Qd3 37. Rf6 Qh7 38. Bxg7+ Kxg7 39. Qg3+ Kf8 40. Qf4 Rc2 41. g4 Rg6 42. e6 Rxf6 43. Qxf6 Rc1+ 44. Kh2 Qc2+ 45. Kg3 Rg1+ 46. Kh4 Qh7+ 47. Kg5 Qg7+ 48. Qxg7+ Kxg7 49. e7 Re1 0-1


[Site "https://www.chess.com"]

[Event "Titled Tuesday Blitz June 20 Early 2023"]
[White "Priasmoro, Novendra"]
[Black "Itkis, Boris"]
[WhiteFideId "7105029"]
[BlackFideId "1209167"]
[WhiteElo "2412"]
[BlackElo "2219"]
[Result "1-0"]
[Round "1"]
[TimeControl "180+2"]
[Date "2023.06.20"]
[WhiteClock "0:01:40"]
[BlackClock "0:01:02"]
[Board "103"]

1. e4 e6 2. d4 d5 3. Nc3 Bb4 4. e5 c5 5. Bd2 Ne7 6. Nb5 Bxd2+ 7. Qxd2 O-O 8. f4 cxd4 9. Nf3 Nbc6 10. O-O-O Bd7 11. Bd3 Rc8 12. Nd6 Rc7 13. Kb1 a6 14. g4 f6 15. Qf2 Ng6 16. Qg3 fxe5 17. Bxg6 hxg6 18. fxe5 Rxf3 19. Qxf3 Nxe5 20. Qf4 Qf6 21. Qxd4 Rc4 22. Nxc4 1-0


[Site "https://www.chess.com"]

[Event "Titled Tuesday Blitz June 20 Early 2023"]
[White "Buchenau, Frank"]
[Black "Gorovets, Andrey"]
[WhiteFideId "4604350"]
[BlackFideId "13504037"]
[WhiteElo "2157"]
[BlackElo "2459"]
[Result "0-1"]
[Round "1"]
[TimeControl "180+2"]
[Date "2023.06.20"]
[WhiteClock "0:00:01"]
[BlackClock "0:00:45"]
[Board "104"]

1. e4 c6 2. Nf3 d5 3. Nc3 dxe4 4. Nxe4 Nf6 5. Qe2 Bg4 6. Nxf6+ gxf6 7. h3 Bh5 8. g3 Nd7 9. Bg2 e6 10. d4 Qa5+ 11. Bd2 Qb6 12. O-O-O O-O-O 13. Be3 Qa5 14. Kb1 Nb6 15. c4 Bg6+ 16. Ka1 Qa6 17. Rc1 Be4 18. Rhd1 Bg7 19. Bf4 f5 20. Be5 Bxe5 21. dxe5 Rxd1 22. Rxd1 Qxc4 23. Bf1 Qxe2 24. Bxe2 Bxf3 25. Bxf3 Rd8 26. Kb1 Nd7 27. Re1 Nc5 28. Bh5 Rd7 29. Kc2 a5 30. Rd1 Re7 31. g4 Kc7 32. gxf5 exf5 33. f4 Ne6 34. Rf1 Rd7 35. Be2 Nd4+ 36. Kd1 Nxe2+ 37. Kxe2 Rd4 38. Ke3 Re4+ 39. Kf3 Rb4 40. b3 a4 41. Rb1 b5 42. Ke3 c5 43. Kd2 axb3 44. axb3 c4 45. Kc3 Rxb3+ 46. Rxb3 cxb3 47. Kxb3 Kc6 48. Kb4 Kb6 0-1


[Site "https://www.chess.com"]

[Event "Titled Tuesday Blitz June 20 Early 2023"]
[White "Lamard, Guillaume"]
[Black "Savitha Shri B"]
[WhiteFideId "600261"]
[BlackFideId "35061887"]
[WhiteElo "2413"]
[BlackElo "2172"]
[Result "0-1"]
[Round "1"]
[TimeControl "180+2"]
[Date "2023.06.20"]
[WhiteClock "0:00:11"]
[BlackClock "0:00:28"]
[Board "105"]

1. d4 Nf6 2. c4 g6 3. Nf3 Bg7 4. Nc3 O-O 5. g3 d5 6. cxd5 Nxd5 7. Bg2 c5 8. O-O cxd4 9. Nxd4 Nxc3 10. bxc3 Nd7 11. Ba3 Ne5 12. Qb3 a6 13. Rfd1 Qc7 14. Rac1 Bg4 15. h3 Bc8 16. c4 Rb8 17. Qb4 Bf6 18. c5 Bd7 19. Qb6 Rfc8 20. Nb3 Bb5 21. Qxc7 Rxc7 22. Rc2 Nc4 23. Bb4 Nb2 24. Rb1 Na4 25. Rbc1 Rbc8 26. Na5 b6 27. Nb3 bxc5 28. Ba5 Rd7 29. Nd2 Bxe2 30. Ne4 Bd3 31. Nxf6+ exf6 32. Rd2 c4 33. Bf1 Re8 34. Bg2 Re2 35. Rxe2 Bxe2 36. Bc6 Rd1+ 37. Rxd1 Bxd1 38. Kf1 c3 39. Ke1 c2 40. Kd2 Nc5 41. Bc3 Nd3 42. Bb2 Nxb2 43. Be4 Nc4+ 44. Kc1 Na3 45. Bd3 a5 46. Kb2 f5 0-1


[Site "https://www.chess.com"]

[Event "Titled Tuesday Blitz June 20 Early 2023"]
[White "Perez Rodriguez, Jennifer"]
[Black "Starozhilov, Leonid"]
[WhiteFideId "3507831"]
[BlackFideId "14106752"]
[WhiteElo "2116"]
[BlackElo "2352"]
[Result "1-0"]
[Round "1"]
[TimeControl "180+2"]
[Date "2023.06.20"]
[WhiteClock "0:00:13"]
[BlackClock "0:00:00"]
[Board "106"]

1. e4 g6 2. d4 Bg7 3. Nc3 d6 4. Be3 a6 5. a4 Nc6 6. Nf3 Nf6 7. h3 O-O 8. Qd2 e5 9. Bc4 exd4 10. Bxd4 Nxd4 11. Nxd4 Nxe4 12. Nxe4 d5 13. O-O-O dxc4 14. Rhe1 b5 15. Kb1 bxa4 16. Qb4 Qh4 17. Qxa4 Bb7 18. Nc5 Bxg2 19. Qxc4 Rab8 20. Nd7 c5 21. Nxb8 cxd4 22. Nc6 Qxh3 23. Nxd4 Qh5 24. Nb3 a5 25. Rd7 Bh3 26. Rc7 Be6 27. Qc5 Qf3 28. Nd4 Bxd4 29. Qxd4 Bf5 30. Ree7 a4 31. Qxa4 Qd1+ 32. Ka2 Qd5+ 33. Qb3 Qa5+ 34. Kb1 Be6 35. Rxe6 fxe6 36. Qxe6+ Kh8 37. Qe7 1-0


[Site "https://www.chess.com"]

[Event "Titled Tuesday Blitz June 20 Early 2023"]
[White "Srihari L R"]
[Black "Herzog2012"]
[WhiteFideId "46617116"]
[WhiteElo "2334"]
[BlackElo "2414"]
[Result "1-0"]
[Round "1"]
[TimeControl "180+2"]
[Date "2023.06.20"]
[WhiteClock "0:00:13"]
[BlackClock "0:00:00"]
[Board "107"]

1. c4 e5 2. Nc3 Nf6 3. Nf3 Nc6 4. e3 Bb4 5. Qc2 Bxc3 6. Qxc3 Qe7 7. d4 d6 8. Be2 O-O 9. O-O exd4 10. Nxd4 Ne5 11. b3 Bg4 12. f3 Bh5 13. Bb2 Bg6 14. Rae1 h6 15. e4 a6 16. a4 Rfe8 17. Rd1 Qf8 18. Rfe1 Nh5 19. Bf1 Nf4 20. Qd2 Ne6 21. Nxe6 fxe6 22. f4 Nd7 23. Bd3 Nc5 24. Bc2 Rad8 25. b4 Nd7 26. a5 Nf6 27. f5 exf5 28. exf5 Bh5 29. Rc1 Rxe1+ 30. Rxe1 Re8 31. h3 Rxe1+ 32. Qxe1 Qf7 33. Qh4 Kf8 34. Bxf6 gxf6 35. Bd3 Qe8 36. Kf2 Kg7 37. Qg3+ Kf8 38. Qf4 Kg7 39. Be4 Qe5 40. Qxe5 fxe5 41. Bxb7 1-0


[Site "https://www.chess.com"]

[Event "Titled Tuesday Blitz June 20 Early 2023"]
[White "Gomes, Luiz Alexandre de Souza"]
[Black "Amilal Munkhdalai"]
[WhiteFideId "2102790"]
[BlackFideId "4903250"]
[WhiteElo "2413"]
[BlackElo "2293"]
[Result "0-1"]
[Round "1"]
[TimeControl "180+2"]
[Date "2023.06.20"]
[WhiteClock "0:00:00"]
[BlackClock "0:00:21"]
[Board "108"]

1. e4 c5 2. Nf3 Nc6 3. Bb5 e6 4. O-O Nge7 5. Re1 a6 6. Bf1 Qc7 7. d3 b5 8. Nbd2 Bb7 9. g3 d5 10. Bg2 d4 11. Nf1 e5 12. Nh4 g6 13. f4 Bg7 14. f5 f6 15. Bd2 g5 16. Nf3 h5 17. a4 b4 18. b3 g4 19. Nh4 Bh6 20. Bxh6 Rxh6 21. Nd2 Rh8 22. Nc4 O-O-O 23. a5 Kb8 24. Qd2 Na7 25. Rf1 Rdg8 26. Nb6 Nac8 27. Nc4 Bc6 28. Rf2 Bb5 29. Bf1 Nc6 30. Ng6 Rh7 31. Qc1 Bxc4 32. dxc4 Nxa5 33. Bd3 Kb7 34. Ra4 Nc6 35. Qd2 a5 36. Rf1 Nb6 37. Raa1 Ra8 38. Kg2 Qg7 39. Rh1 a4 40. bxa4 Rxa4 41. Rxa4 Nxa4 42. Ra1 Nc3 43. Qe1 Qh6 44. Qc1 Qxc1 45. Rxc1 Kb6 46. Ra1 Ra7 47. Rxa7 Kxa7 48. h3 Kb6 49. hxg4 hxg4 50. Kf2 Nd8 51. Nf8 Nb7 52. Nd7+ Kc6 53. Nxf6 Nd6 54. Nxg4 Ndxe4+ 55. Bxe4+ Nxe4+ 56. Ke2 Nxg3+ 57. Kd2 Kd6 58. f6 Ne4+ 59. Kd3 Ng5 60. Nf2 Ke6 61. Ke2 Kxf6 62. Nd3 Ne6 63. Kf3 Kf5 64. Nf2 Ng5+ 65. Ke2 e4 66. Nd1 Kf4 67. Nb2 Ne6 68. Na4 e3 69. Nb6 Ke4 70. Na4 b3 71. cxb3 d3+ 72. Kd1 Kd4 73. Kc1 Nf4 0-1


[Site "https://www.chess.com"]

[Event "Titled Tuesday Blitz June 20 Early 2023"]
[White "Tristan, Leonardo"]
[Black "FromTexas54"]
[WhiteFideId "113816"]
[WhiteElo "2461"]
[BlackElo "2410"]
[Result "1-0"]
[Round "1"]
[TimeControl "180+2"]
[Date "2023.06.20"]
[WhiteClock "0:01:37"]
[BlackClock "0:00:11"]
[Board "109"]

1. d4 Nf6 2. Nf3 g6 3. Bf4 Bg7 4. e3 O-O 5. Be2 a6 6. a4 b6 7. O-O Bb7 8. Nbd2 d6 9. h3 c5 10. c3 Nbd7 11. Bh2 Rc8 12. Bd3 Rc7 13. Qe2 Qa8 14. e4 Rcc8 15. e5 dxe5 16. dxe5 Nd5 17. e6 N7f6 18. exf7+ Rxf7 19. Ng5 Rff8 20. Qe6+ Kh8 21. Nf7+ Rxf7 22. Qxf7 Nh5 23. Be4 Rf8 24. Qe6 Nhf4 25. Bxf4 Nxf4 26. Qxe7 Bxe4 27. Qxe4 Qd8 28. Nf3 Qf6 29. Rad1 h5 30. Rfe1 Nxh3+ 31. gxh3 Qxf3 32. Qxf3 Rxf3 33. Re6 Kh7 34. Rd7 Kh6 35. Rdd6 1-0


[Site "https://www.chess.com"]

[Event "Titled Tuesday Blitz June 20 Early 2023"]
[White "Ai, Evan"]
[Black "Pulpan, Jakub"]
[WhiteFideId "2094770"]
[BlackFideId "302759"]
[WhiteElo "1963"]
[BlackElo "2484"]
[Result "0-1"]
[Round "1"]
[TimeControl "180+2"]
[Date "2023.06.20"]
[WhiteClock "0:00:43"]
[BlackClock "0:01:26"]
[Board "110"]

1. e4 a6 2. d4 d6 3. a4 g6 4. Bc4 Bg7 5. Nf3 Nc6 6. Nc3 Nf6 7. h3 Nxe4 8. Bxf7+ Kxf7 9. Nxe4 Rf8 10. Qe2 Kg8 11. Bg5 d5 12. Nc5 Qd6 13. c3 e5 14. O-O exd4 15. cxd4 Nxd4 16. Nxd4 Bxd4 17. Be7 Re8 18. Qd2 Rxe7 19. Qxd4 b6 20. Nd3 c5 21. Qh4 Bb7 22. Rae1 Rae8 23. a5 b5 24. Rxe7 Rxe7 25. b4 cxb4 26. Qxb4 Qxb4 27. Nxb4 Re4 28. Rb1 Kf7 29. Nd3 Bc8 30. Rc1 Rc4 31. Ne5+ Ke6 32. Nxc4 dxc4 33. Kf1 Kd5 34. Ke2 Bf5 35. Ke3 b4 36. g4 Bd3 37. f4 b3 38. f5 gxf5 39. gxf5 b2 0-1


[Site "https://www.chess.com"]

[Event "Titled Tuesday Blitz June 20 Early 2023"]
[White "Fus, Jakub"]
[Black "Makhmudov, Shukhrat"]
[WhiteFideId "1193023"]
[BlackFideId "14200775"]
[WhiteElo "2335"]
[BlackElo "2135"]
[Result "1-0"]
[Round "1"]
[TimeControl "180+2"]
[Date "2023.06.20"]
[WhiteClock "0:00:43"]
[BlackClock "0:00:13"]
[Board "111"]

1. d4 Nf6 2. c4 e6 3. Nf3 d5 4. g3 Bb4+ 5. Bd2 Be7 6. Bg2 O-O 7. O-O c6 8. Qc2 Nbd7 9. Rd1 Ne4 10. Ne1 Nxd2 11. Nxd2 Nf6 12. e3 b6 13. Nd3 Bb7 14. b4 a5 15. a3 dxc4 16. Nxc4 axb4 17. axb4 Qc7 18. Nce5 Rfc8 19. Rxa8 Bxa8 20. Rc1 Nd5 21. Qa4 f6 22. Nxc6 Bxc6 23. b5 Ra8 24. Qd1 Ra3 25. Rxc6 Qd7 26. Bh3 f5 27. Ne5 Qa7 28. Qh5 g6 29. Nxg6 Ra1+ 30. Bf1 hxg6 31. Qxg6+ Kf8 32. Rc8+ Bd8 33. Rxd8+ Ke7 34. Re8+ Kd6 35. Qxe6+ Kc7 36. Qc6# 1-0


[Site "https://www.chess.com"]

[Event "Titled Tuesday Blitz June 20 Early 2023"]
[White "Fiedorek, Michal"]
[Black "Lavrik, Dmitry"]
[WhiteFideId "1199528"]
[BlackFideId "24113190"]
[WhiteElo "2135"]
[BlackElo "2345"]
[Result "0-1"]
[Round "1"]
[TimeControl "180+2"]
[Date "2023.06.20"]
[WhiteClock "0:00:00"]
[BlackClock "0:00:39"]
[Board "112"]

1. Nf3 c5 2. e4 e6 3. d4 cxd4 4. Nxd4 Nf6 5. Nc3 Nc6 6. Nxc6 bxc6 7. e5 Nd5 8. Ne4 Qc7 9. f4 f5 10. exf6 gxf6 11. Bd2 Be7 12. Qh5+ Kd8 13. Qh6 Rb8 14. Bd3 Qb6 15. a3 Ba6 16. b4 Qd4 17. Rd1 Bxd3 18. cxd3 Qxd3 19. Nf2 Qa6 20. Ne4 f5 21. Ng5 Kc7 22. Kf2 Qxa3 23. Nf7 Bxb4 24. Nxh8 Bxd2 0-1


[Site "https://www.chess.com"]